 Dungeon Crawl Stone Soup version 0.32-a0-629-g87aaac5c70 (webtiles) character file.

Game seed: 12981526162254056362

1664788 Gladio the Conqueror (level 26, 239/239 HPs)
             Began as a Mountain Dwarf Fighter on Mar 5, 2024.
             Was the Champion of Ru.
             Escaped with the Orb
             ... and 3 runes on Mar 7, 2024!
             The game lasted 02:48:09 (70994 turns).

Gladio the Conqueror (Mountain Dwarf Fighter)      Turns: 70994, Time: 02:48:10

Health: 239/239    AC: 56    Str: 32    XL:     26   Next: 80%
Magic:  20/20      EV:  8    Int:  8    God:    Ru [******]
Gold:   7460       SH: 25    Dex:  7    Spells: 25/25 levels left

rFire   + + +        S - +9 broad axe (heavy)
rCold   + . .        v - +2 tower shield
rNeg    + . .        a - +6 gold dragon scales
rPois   +            n - +2 helmet
rElec   +            u - +2 cloak of the Known World {^Drain +Inv rF+++ rCorr}
rCorr   +            k - +2 pair of gloves {Stlth+}
SInv    .            W - +3 pair of seven-league boots {Rampage+∞}
Will    +++..        b - macabre finger necklace {Finger+ rN+} Stlth
                     F - ring "Wushumm" {AC+4 Slay+3}
HPRegen 0.59/turn    K - ring of willpower
MPRegen 0.17/turn    i - ring of Xom's Fair Game {Wiz rPois Slay+6}

%: rampage+∞, wizardry (x1)
@: no status effects
A: frail 1, low MP 1, inability to read after injury 2, hated by all, inability
to train dodging, no forms, runic magic, artefact enchanting, iridescent scales
1, clumsy 1, deterioration 1, electricity resistance
0: Orb of Zot
}: 3/15 runes: barnacled, slimy, gossamer
a: Renounce Religion, Evoke Invisibility, Draw Out Power, Power Leap, Apocalypse


You escaped.
You worshipped Ru.
Ru was exalted by your worship.
You visited 12 branches of the dungeon, and saw 54 of its levels.
You also visited: Bailey, Volcano and Wizlab.

You collected 10037 gold pieces.
You spent 2577 gold pieces at shops.

Inventory:

Hand Weapons
 S - a +9 heavy broad axe (weapon)
Missiles
 A - 9 throwing nets
Armour
 a - +6 gold dragon scales (worn)
 j - the +8 plate armour of Card Tricks {rN+ Int+2}
   (You acquired it on level 8 of the Dungeon)

   Int+2:     It affects your intelligence (+2).
   rN+:       It protects you from negative energy.
 k - a +2 pair of gloves of stealth (worn)
 n - a +2 helmet (worn)
 u - the +2 cloak of the Known World (worn) {^Drain +Inv rF+++ rCorr}
   (You found it on level 3 of the Dungeon)

   rF+++:     It renders you almost immune to fire.
   +Inv:      It lets you turn invisible.
   rCorr:     It protects you from acid and corrosion.
   ^Drain:    It drains your maximum health when unequipped.
 v - a +2 tower shield (worn)
 z - a +1 helmet of see invisible
 B - a +2 kite shield of reflection
 W - the +3 pair of seven-league boots (worn) {Rampage+∞}
   (You found it on level 1 of the Depths)

   Rampage+∞: When moving toward enemies, its wearer moves as far as possible,
   alerting their target en route.
Jewellery
 b - the macabre finger necklace (around neck) {Finger+ rN+}
   (You took it off a tengu conjurer on level 2 of the Depths)

   [amulet of nothing]

   Finger+:   It enables you to equip an extra ring.
   rN+:       It protects you from negative energy.
 i - the ring of Xom's Fair Game (on amulet) {Wiz rPois Slay+6}
   (You found it on level 2 of the Vaults)

   [ring of wizardry]

   Wiz:       It improves your spell success rate.
   Slay+6:    It affects your accuracy & damage with ranged weapons and melee
   (+6).
   rPois:     It protects you from poison.
 l - the ring of Unwer {rN+ Int+5}
   (You found it on level 5 of the Pits of Slime)

   [ring of positive energy]

   Int+5:     It affects your intelligence (+5).
   rN+:       It protects you from negative energy.
 w - an amulet of reflection
 x - a ring of protection from cold
 F - the ring "Wushumm" (left hand) {AC+4 Slay+3}
   (You bought it in a shop on level 1 of the Shoals)

   [ring of protection]

   AC+4:      It affects your AC (+4).
   Slay+3:    It affects your accuracy & damage with ranged weapons and melee
   (+3).
 K - a ring of willpower (right hand)
 O - a ring of see invisible
 V - the ring "Sakk" {+Blink Fly rPois Str-4 SInv}
   (You found it on level 4 of the Depths)

   [ring of flight]

   Str-4:     It affects your strength (-4).
   rPois:     It protects you from poison.
   SInv:      It lets you see invisible.
   Fly:       It grants you flight.
   +Blink:    It lets you blink.
 Z - a ring of protection from cold
Wands
 y - a wand of roots (39)
 D - a wand of mindburst (15)
 L - a wand of flame (64)
 M - a wand of acid (17)
 Q - a wand of paralysis (29)
 R - a wand of digging (25)
Scrolls
 d - 18 scrolls of teleportation
 f - 9 scrolls of noise
 o - 2 scrolls of revelation
 p - 6 scrolls of poison
 C - 3 scrolls of brand weapon
 E - 4 scrolls of torment
 G - 6 scrolls of immolation
 H - 7 scrolls of fear
 J - 2 scrolls of silence
 P - 7 scrolls of fog
Potions
 g - 6 potions of magic
 m - 3 potions of ambrosia
 q - 4 potions of might
 r - 4 potions of invisibility
 t - 8 potions of mutation
 I - 17 potions of curing
 N - 7 potions of haste
 T - 4 potions of enlightenment
 U - 3 potions of berserk rage
 X - 2 potions of cancellation
 Y - 2 potions of resistance
Miscellaneous
 c - a condenser vane
 e - a lightning rod (4/4) (quivered)


   Skills:
 O Level 27 Fighting
 O Level 27 Axes
 O Level 27 Armour
 O Level 27 Shields
 + Level 16.6 Evocations


You had 25 spell levels left.
You didn't know any spells.
Your spell library contained the following spells:

 Spells                   Type           Power      Damage    Failure   Level
 Apportation              Tloc           0%         N/A       26%         1
 Freeze                   Ice            0%         1d3       26%         1
 Kiss of Death            Conj/Necr      0%         2d5       26%         1
 Magic Dart               Conj           0%         1d3       26%         1
 Necrotise                Necr           0%         1d4       26%         1
 Sting                    Conj/Alch      0%         1d3       26%         1
 Cigotuvi's Dreadful Rot  Necr/Alch/Air  0%         N/A       34%         2
 Ensorcelled Hibernation  Hex/Ice        0%         N/A       34%         2
 Jinxbite                 Hex            0%         N/A       34%         2
 Mercury Vapours          Alch/Air       0%         N/A       34%         2
 Scorch                   Fire           0%         2d5       34%         2
 Searing Ray              Conj           0%         2d4       34%         2
 Confusing Touch          Hex            0%         N/A       56%         3
 Frozen Ramparts          Ice            0%         1d1       56%         3
 Fugue of the Fallen      Necr           0%         N/A       56%         3
 Gell's Gravitas          Tloc           0%         N/A       56%         3
 Hailstorm                Conj/Ice       0%         3d5       56%         3
 Inner Flame              Hex/Fire       0%         N/A       56%         3
 Ozocubu's Armour         Ice            0%         N/A       56%         3
 Stone Arrow              Conj/Erth      0%         3d7       56%         3
 Teleport Other           Tloc           0%         N/A       56%         3
 Anguish                  Hex/Necr       0%         N/A       91%         4
 Cause Fear               Hex            0%         N/A       91%         4
 Dispel Undead            Necr           0%         3d6       91%         4
 Flame Wave               Conj/Fire      0%         2d4       91%         4
 Fulminant Prism          Conj/Alch      0%         3d5       91%         4
 Ignite Poison            Fire/Alch      0%         N/A       91%         4
 Leda's Liquefaction      Alch/Erth      0%         N/A       91%         4
 Manifold Assault         Tloc           0%         N/A       91%         4
 Passage of Golubria      Tloc           0%         N/A       91%         4
 Petrify                  Alch/Erth      0%         N/A       91%         4
 Sticky Flame             Fire/Alch      0%         2d4       91%         4
 Vhi's Electric Charge    Tloc/Air       0%         N/A       91%         4
 Alistair's Intoxication  Alch           0%         N/A       99%         5
 Arcjolt                  Conj/Air       0%         1d10      99%         5
 Curse of Agony           Necr           0%         N/A       99%         5
 Freezing Cloud           Conj/Ice/Air   0%         6-21      99%         5
 Irradiate                Conj/Alch      0%         3d11      99%         5
 Lee's Rapid Deconstruct  Erth           0%         3d4*      99%         5
 Silence                  Hex/Air        0%         N/A       99%         5
 Yara's Violent Unravell  Hex/Alch       0%         3d3       99%         5
 Bombard                  Conj/Erth      0%         9d1       100%        6
 Dispersal                Tloc           0%         N/A       100%        6
 Eringya's Noxious Bog    Alch           0%         4d6       100%        6
 Plasma Beam              Fire/Air       0%         2x1d10    100%        6
 Enfeeble                 Hex            0%         N/A       100%        7
 Ozocubu's Refrigeration  Ice            0%         4d7       100%        7
 Borgnjor's Revivificati  Necr           0%         N/A       100%        8
 Ignition                 Fire           0%         3d3       100%        8
 Lehudib's Crystal Spear  Conj/Erth      0%         10d2      100%        8
 Maxwell's Capacitive Co  Air            0%         ∞         100%        8
 Death's Door             Necr           0%         N/A       100%        9
 Polar Vortex             Ice            0%         N/A       100%        9
 Summon Small Mammal      Summ           Unusable   N/A       N/A         1
 Animate Armour           Summ/Erth      Unusable   N/A       N/A         4
 Summon Forest            Summ/Tloc      Unusable   N/A       N/A         5
 Death Channel            Necr           Unusable   N/A       N/A         6
 Sculpt Simulacrum        Ice/Alch       Unusable   N/A       N/A         6
 Summon Cactus Giant      Summ           Unusable   N/A       N/A         6
 Haunt                    Necr/Summ      Unusable   N/A       N/A         7
 Summon Hydra             Summ           Unusable   N/A       N/A         7

Dungeon Overview and Level Annotations

Branches:
Dungeon (15/15)            Temple (1/1) D:5            Lair (5/5) D:11
 Shoals (4/4) Lair:2       Spider (4/4) Lair:2        Slime (5/5) Lair:5
    Orc (2/2) D:9             Elf (2/3) Orc:2        Vaults (4/5) D:14
  Crypt (3/3) Vaults:3       Tomb (0/3) Crypt:3      Depths (4/4) D:15
    Zot (5/5) Depths:4     Bailey (visited)         Volcano (visited)
 WizLab (visited)

Altars:
Ashenzari
Cheibriados
Dithmenos
Elyvilon
Gozag
Kikubaaqudgha
Makhleb
Nemelex Xobeh
Okawaru
Qazlal
Ru
Sif Muna
Trog
Uskayaw
Vehumet
Wu Jian
Xom
Zin
The Shining One

Shops:
D:8 !   D:13 [   Orc:2 [[!:[   Shoals:1 [=*:   Shoals:3 *   Vaults:4 [
Crypt:2 **

Portals:
Hell: Depths:1 Depths:2 Depths:3 Depths:4
Abyss: Depths:3
Pandemonium: Depths:2
Ziggurat: Depths:2

Annotations:
Spider:2 Roxanne
Spider:3 1 runed translucent door, exclusions: door, orb spider and 1 more exclusion, Ihilaj's ghost, adept MfSu
Vaults:3 2 transporters, Skimidon's ghost, adept DgHu
Crypt:1 1 runed translucent door, Hioqanar's ghost, legendary GrBe
Crypt:2 3 runed translucent doors, exclusion: obsidian statue, Udae's ghost, legendary GrBe
Depths:3 1 runed translucent door, Xaosyiw's ghost, adept DECj
Zot:5 2 runed translucent doors, exclusion: 2 doors, Fiolioss's ghost, master OnFi


Innate Abilities, Weirdness & Mutations

You are frail. (-10% HP)
Your magical capacity is low. (-10% MP)
You sometimes lose the ability to read scrolls when taking damage.
You are hated by all.
You cannot train Dodging skill.
You cannot voluntarily change form.
Your spellcasting is much less encumbered by armour.
You can use scrolls of enchantment on lesser artefacts.
You are partially covered in iridescent scales. (AC +2)
You are clumsy. (Dex -2)
Your body sometimes deteriorates upon taking damage.
You are resistant to electric shocks. (rElec)


Message History

A cacodemon is nearby!
You hear a grinding noise.
You stride towards the cacodemon!
A sixfirhy comes into view.
You open the cacodemon like a pillowcase!!!
The cacodemon is heavily wounded.
You redirect the cacodemon's attack!
The cacodemon hits itself but does no damage.
The cacodemon barely misses itself.
You open the cacodemon like a pillowcase!!!
The cacodemon is almost dead.
The cacodemon gestures at you.
The bolt of devastation hits you but does no damage.
Your willpower is stripped away!
You slice the cacodemon like a ripe choko!!!!
You kill the cacodemon!
You block the sixfirhy's attack.
The sixfirhy is stunned by your conviction and fails to attack.
You barely miss the sixfirhy. You block the sixfirhy's attack. x2
The sixfirhy is stunned by your conviction and fails to attack. x2
You open the sixfirhy like a pillowcase!!!!
You kill the sixfirhy!
No target in view!
You feel your willpower return.
You see here a +0 club.
A smoke demon comes into view.
The smoke demon roars!
The smoke demon begins to attack, but is stunned by your conviction!
You stride towards the smoke demon!
You slice the smoke demon like a ripe choko!!!
You kill the smoke demon!
No target in view!
Aiming: Dig
Press: ? - help, Q - select action, (/) - cycle Shift-Dir - straight line You can't see that place. [a rock wall.]
The rock shatters into small pieces.
There is a staircase leading out of the dungeon here.
You can't go down here!
You have escaped!

#.# #.#.#.#.##
#......###. #.#
#.#.#.#.# #......#
#. #.# #.#.#.#.#
#......# #. #.#
#.#.#.#.#
#......###. #.#
#.#.#.#.#
#......'.+. #.#
#.#.#.#.#
#......###. #.#
#.#.#.#.#
####.......... #.#
#.#.#.#.#
#.........##.. #.#
#.#...'@#
#.#####.#.#...
##.###############
#.# #.#.#...
#.............#
#.# #.#...#.
#############.#
#.# #...#.#. #.#
#.# #.#.#.#. #.#
#.# #.###### #.###
#.# #..#.#.# #...#
#.# #....#.# ###.#
#.# #......#


There were no monsters in sight!

Vanquished Creatures
  the Royal Jelly (Slime:5)
  Frederick (Vaults:2)
  8 ancient liches
  4 orbs of fire (Zot:5)
  2 juggernauts (Depths:4)
  3 Killer Klowns
  A caustic shrike (Depths:3)
  5 curse toes
  Nikola (Spider:2)
  A bone dragon (Crypt:3)
  13 golden dragons
  23 tentacled monstrosities
  4 electric golems
  A hellephant (D:9)
  6 liches
  2 walking crystal tomes (Depths:4)
  Rupert (D:13)
  Zenata (Crypt:1)
  A titan (Depths:4)
  The ghost of Luqutot the Warrior, an adept MiFi of the Shining One (Elf:2)
  A walking earthen tome (Depths:4)
  A deep elf blademaster (Elf:2)
  25 Orb Guardians
  2 walking divine tomes (Depths:4)
  23 acid blobs
  4 quicksilver dragons
  Asterion (Vaults:1)
  A walking frostbound tome (Depths:3)
  2 sphinxes (Depths:4)
  21 death cobs
  Gastronok (Lair:1)
  15 storm dragons
  5 tengu reavers
  Polyphemus (Shoals:2)
  Aizul (Vaults:2)
  8 shadow dragons
  Donald (Spider:4)
  Kirke (D:14)
  8 protean progenitors
  16 rockslimes
  2 revenants
  7 fire giants
  11 azure jellies
  A draconian monk (Zot:2)
  9 draconian knights
  Louise (D:14)
  8 draconian shifters
  6 ghost moths
  2 deep elf elementalists (Elf:1)
  6 vault wardens
  7 frost giants
  5 iron dragons
  A balrug (Depths:2)
  The ghost of CrazyBamboolord the Blocker, a journeyman MiFi of Beogh (Lair:4)
  13 quicksilver oozes
  3 curse skulls
  3 emperor scorpions
  5 draconian scorchers
  4 draconian stormcallers
  4 ghouls
  11 draconian annihilators
  8 formless jellyfish
  16 ironbound preservers
  5 orc warlords
  2 spriggan defenders (Depths:4)
  A caustic shrike skeleton (Crypt:2)
  8 stone giants
  21 very ugly things
  4 deep elf death magi
  2 ironbound thunderhulks (Vaults:4)
  A juggernaut skeleton (Crypt:1)
  2 cacodemons
  4 broodmothers
  8 vampire knights
  12 yellow draconians
  11 green draconians
  11 red draconians
  6 dire elephants (Vaults:1)
  8 purple draconians
  16 black draconians
  11 white draconians
  11 war gargoyles
  4 spark wasps
  3 eidola
  Snorg (Lair:3)
  4 ettins
  A green death (Zot:5)
  Josephine (D:14)
  6 merfolk impalers
  4 merfolk javelineers
  3 crystal guardians (Crypt:3)
  A blizzard demon (Depths:4)
  6 jiangshi
  An entropy weaver (shapeshifter) (Elf:1)
  10 yaktaur captains
  8 fire dragons
  9 ice dragons
  A vault guard (D:14)
  2 rakshasas
  3 spriggan zombies
  6 entropy weavers
  13 great orbs of eyes
  2 merfolk avatars
  3 peacekeepers
  5 spriggan air magi
  6 hydras
  A sphinx zombie (Depths:3)
  Erolcha (D:9)
  4 ogre magi
  A hell beast (Depths:2)
  4 jorogumos
  5 ironbound frosthearts
  A spriggan skeleton (Crypt:3)
  4 radroaches
  27 dancing weapons
  3 merfolk aquamancers
  3 death knights
  6 catoblepae
  22 centaur warriors
  2 satyrs
  10 two-headed ogres
  5 death scarabs (Spider:4)
  13 death yaks
  9 boulder beetles
  4 deep troll earth magi (Depths:2)
  4 deep troll shamans
  10 tengu warriors
  A spectral emperor scorpion (Spider:4)
  11 demonic crawlers
  3 occultists
  7 spriggan berserkers
  12 deep elf knights
  2 vampire magi
  20 hell knights
  Nergalle (D:12)
  A spriggan (Depths:1)
  A soul eater (Zot:2)
  A titan zombie (Crypt:3)
  6 iron trolls (Depths:2)
  5 skysharks
  2 sixfirhies
  Lodul (D:14)
  51 deep trolls
  A spectral spark wasp (Depths:2)
  6 pharaoh ants
  38 skeletal warriors
  3 flayed ghosts
  17 orb spiders
  8 arcanists
  3 bog bodies (Crypt:3)
  7 sea snakes
  5 deep elf archers (Elf:1)
  2 phantasmal warriors
  12 glowing orange brains
  15 ironbound convokers
  5 lindwurms
  A spectral jorogumo (Spider:4)
  7 thermic dynamos
  5 harpies
  24 deep elf pyromancers
  13 necromancers
  7 orc knights
  8 steelbarb worms
  12 deep elf zephyrmancers
  2 wolf spider zombies
  8 orc sorcerers
  2 stone giant zombies
  19 wolf spiders
  An iron dragon zombie (Crypt:3)
  20 moths of wrath
  4 cyclopes
  13 manticores
  48 ugly things
  8 fauns
  17 elephants
  A manticore (shapeshifter) (Vaults:1)
  6 black mambas
  2 meliai (Spider:3)
  4 water nymphs
  A centaur zombie (Crypt:3)
  8 shining eyes
  4 kobold blastminers (Orc:1)
  A guardian serpent (Depths:1)
  A black mamba (shapeshifter) (Depths:1)
  9 merfolk sirens
  9 torpor snails
  Joseph (Lair:1)
  9 vault sentinels
  5 eyes of devastation
  13 cane toads
  A dire elephant zombie (Crypt:2)
  2 molten gargoyles (Volcano)
  2 smoke demons
  2 unseen horrors (D:12)
  A gargoyle (D:12)
  Maggie (Lair:2)
  4 spectral redbacks (Spider:4)
  Jeremiah (D:9)
  3 redback zombies (Spider:4)
  2 centaur skeletons (D:15)
  3 rime drakes
  A grey draconian skeleton (Crypt:1)
  9 komodo dragons
  2 komodo dragons (shapeshifter) (Vaults:1)
  11 trolls
  29 yaktaurs
  2 freezing wraiths
  7 tengu conjurers
  2 guardian mummies (Crypt:2)
  A pale draconian skeleton (Crypt:1)
  3 harpy zombies
  An ice devil (Depths:4)
  A hellwing (D:9)
  32 merfolk
  2 polar bears (Lair:2)
  3 spectral jumping spiders (Spider:4)
  6 wind drakes
  A spectral culicivora (Spider:4)
  31 tarantellas
  2 tyrant leeches (Zot:3)
  A death yak skeleton (Crypt:2)
  A hornet (Depths:1)
  6 blink frogs
  2 spectral tarantellas (Spider:4)
  13 dream sheep
  9 snapping turtles
  4 glass eyes
  A death drake skeleton (Crypt:2)
  A culicivora zombie (Spider:4)
  An ettin zombie (Crypt:2)
  35 jumping spiders
  29 culicivoras
  2 shadows
  2 air elementals
  A fire dragon skeleton (Crypt:3)
  Sigmund (D:3)
  A centaur simulacrum (D:15)
  98 slime creatures
  A ynoxinul (D:1)
  4 wyverns
  10 water elementals
  5 fire bats
  2 vampires
  A fire elemental (Elf:1)
  11 wraiths
  3 golden eyes
  6 hogs (D:14)
  3 humans
  4 wargs
  5 basilisks
  2 steam dragons
  66 yaks
  2 vampire mosquitoes (D:14)
  3 death yak simulacra (D:12)
  61 redbacks
  Edmund (D:5)
  2 acid dragons
  A swamp worm (shapeshifter) (Depths:4)
  A two-headed ogre zombie (Crypt:2)
  4 hell hounds (D:7)
  A cane toad zombie (Crypt:1)
  19 water moccasins
  A water moccasin (shapeshifter) (D:14)
  A hydra simulacrum (D:12)
  34 orc warriors
  2 ice beasts
  A black bear (D:6)
  A boggart (Vaults:1)
  39 laughing skulls
  2 sky beasts (D:7)
  17 ogres
  22 wolves
  20 centaurs
  2 phantoms (D:9)
  2 kobold brigands (D:9)
  2 gnoll sergeants (D:6)
  10 bullfrogs
  An earth elemental (Elf:2)
  4 scorpions
  4 elephant simulacra (D:12)
  23 killer bees
  4 troll zombies (D:9)
  A troll skeleton (Crypt:2)
  A yak skeleton (Crypt:1)
  5 howler monkeys
  6 lava snakes (Volcano)
  3 quasits (D:5)
  A hound (D:7)
  7 jellies
  7 orc priests
  Crazy Yiuf (D:7)
  A gnoll bouda (D:6)
  A human zombie (Crypt:2)
  Jessica (D:3)
  A black bear skeleton (Crypt:2)
  Terence (D:3)
  2 iguanas (D:6)
  27 orc wizards
  A hell rat (D:12)
  4 ogre zombies (D:9)
  An acid dragon skeleton (Crypt:2)
  Robin (D:4)
  7 adders
  9 gnolls
  3 shadow imps
  3 white imps
  3 hell rat simulacra (D:12)
  3 ufetubi (D:5)
  An iguana skeleton (Crypt:1)
  6 dart slugs
  83 orcs
  5 bats
  7 endoplasms
  8 giant cockroaches
  5 gnoll zombies (D:9)
  20 goblins
  7 hobgoblins
  4 jackals (D:5)
  16 kobolds
  6 quokkas
  7 ball pythons
  A dart slug zombie (Crypt:2)
  2 frilled lizards
  4 gnoll skeletons
  A kobold skeleton (Crypt:1)
  3 orc skeletons (D:9)
  14 orc zombies (D:9)
  5 rats
  A river rat skeleton (Crypt:2)
  3 aspiring fleshes
  A spectral weapon (Vaults:1)
2375 creatures vanquished.

Vanquished Creatures (others)
  A Killer Klown (Zot:5)
  A titan (Depths:3)
  A walking frostbound tome (Depths:3)
  2 Orb Guardians (Zot:5)
  A death cob (Zot:2)
  A tengu reaver (Depths:4)
  A rockslime (Slime:5)
  A fire giant (Depths:4)
  A ghost moth (Spider:2)
  A vampire knight (Depths:1)
  A spark wasp (Spider:4)
  A yellow draconian (Zot:4)
  A yaktaur captain (Vaults:1)
  A merfolk impaler (Shoals:4)
  A fire dragon (Depths:4)
  A rakshasa (Depths:1)
  A radroach (Spider:4)
  An alligator (Zot:1)
  A dancing weapon (Elf:2)
  A death scarab (Spider:4)
  A death yak (Lair:5)
  A demonic crawler (Spider:3)
  A deep elf knight (Elf:2)
  A skeletal warrior (Crypt:1)
  A pharaoh ant (Spider:4)
  3 deep trolls
  An orb spider (Spider:3)
  A steelbarb worm (Spider:1)
  A deep elf zephyrmancer (Elf:2)
  2 moths of wrath
  A meliai (Spider:3)
  A torpor snail (Spider:4)
  A cane toad (Lair:2)
  An elephant (Lair:1)
  A vault sentinel (Vaults:2)
  2 komodo dragons
  A golden dragon simulacrum (Depths:3)
  A harpy zombie (Crypt:3)
  A tarantella (Spider:3)
  An ettin zombie (Crypt:2)
  A jumping spider (Spider:2)
  A slime creature (Slime:3)
  A yak (D:9)
  A culicivora (Spider:2)
  2 redbacks
  An orc warrior (Bailey)
  A centaur (D:15)
  A hound (D:7)
  An orc wizard (Orc:2)
  5 orcs
60 creatures vanquished.

Grand Total: 2435 creatures vanquished

Notes
Turn   | Place    | Note
-------+----------+-------------------------------------------
     0 | D:1      | Gladio the Mountain Dwarf Fighter began the quest for the
                  | Orb.
     0 | D:1      | Reached XP level 1. HP: 19/19 MP: 1/1
    95 | D:1      | Reached XP level 2. HP: 26/26 MP: 2/2
   416 | D:1      | Reached XP level 3. HP: 30/33 MP: 3/3
  1450 | D:2      | Found a faded altar of an unknown god.
  1459 | D:2      | Reached XP level 4. HP: 35/40 MP: 4/4
  1605 | D:2      | Prayed at the altar of an unknown god.
  1605 | D:2      | Became a worshipper of Ru the Awakened
  1622 | D:2      | Upgraded the game from 0.32-a0-613-g40f424ee2b to
                  | 0.32-a0-629-g87aaac5c70
  1622 | D:2      | Gained mutation: You cannot train Dodging skill. [Ru
                  | sacrifice]
  1622 | D:2      | Reached * piety under Ru
  2362 | D:3      | Noticed Terence
  2377 | D:3      | Killed Terence
  2378 | D:3      | Reached skill level 5 in Axes
  2570 | D:3      | Reached XP level 5. HP: 46/47 MP: 5/5
  2719 | D:3      | Found a shimmering blue altar of Sif Muna.
  3077 | D:3      | Noticed Sigmund
  3078 | D:3      | Noticed Jessica
  3230 | D:3      | Killed Jessica
  3402 | D:3      | Identified the +2 cloak of the Known World {^Drain +Inv
                  | rF+++ rCorr}
  3473 | D:4      | Found an iron altar of Okawaru.
  3531 | D:4      | Noticed Robin
  3538 | D:4      | Reached skill level 5 in Fighting
  3545 | D:4      | Killed Robin
  3575 | D:4      | Found a shadowy altar of Dithmenos.
  3575 | D:4      | Found a hide-covered altar of Uskayaw.
  3580 | D:4      | Found a basalt altar of Yredelemnul.
  3580 | D:4      | Found an opulent altar of Gozag.
  3584 | D:4      | Reached XP level 6. HP: 51/56 MP: 6/6
  3727 | D:4      | Identified the +0 leather armour "Efovosoe" {Str+2 Stlth+}
  3788 | D:5      | Entered Level 5 of the Dungeon
  3804 | D:5      | Noticed Edmund
  3817 | D:5      | Killed Edmund
  3825 | D:5      | Gained mutation: You are hated by all. [Ru sacrifice]
  3825 | D:5      | Reached ** piety under Ru
  3825 | D:5      | Reached *** piety under Ru
  3911 | D:5      | Reached XP level 7. HP: 50/62 MP: 7/7
  4559 | D:5      | Found a staircase to the Ecumenical Temple.
  4591 | Temple   | Entered the Ecumenical Temple
  4824 | D:6      | Reached XP level 8. HP: 68/71 MP: 8/8
  4999 | D:6      | Reached skill level 10 in Axes
  5320 | D:6      | Reached XP level 9. HP: 37/81 MP: 9/9
  5688 | D:6      | Found a glowing silver altar of Zin.
  5869 | D:3      | Killed Sigmund
  6139 | D:7      | Found a stormy altar of Qazlal.
  6908 | D:7      | Gained mutation: You are frail. (-10% HP) [Ru sacrifice]
  6908 | D:7      | Reached **** piety under Ru
  6916 | D:7      | Found a runed translucent door.
  6917 | D:7      | Noticed Crazy Yiuf
  6959 | D:7      | Killed Crazy Yiuf
  7113 | D:8      | Found a shimmering altar of Xom.
  7130 | D:8      | Found Xoigewu's Distillery.
  7134 | D:8      | Noticed a two-headed ogre
  7140 | D:8      | Killed a two-headed ogre
  7144 | D:8      | Bought a potion of might for 44 gold pieces
  7144 | D:8      | Bought a potion of curing for 33 gold pieces
  7144 | D:8      | Bought a potion of curing for 33 gold pieces
  7144 | D:8      | Bought a potion of haste for 110 gold pieces
  7144 | D:8      | Bought a potion of curing for 33 gold pieces
  7350 | D:8      | Reached skill level 10 in Fighting
  7359 | D:8      | Reached XP level 10. HP: 61/83 MP: 10/10
  7368 | D:8      | Found a flagged portal.
  7377 | Bailey   | Entered a bailey
  7419 | Bailey   | Reached skill level 5 in Armour
  7649 | Bailey   | Reached skill level 5 in Shields
  9175 | D:8      | Identified a scroll of acquirement
  9175 | D:8      | Acquired the +7 plate armour of Card Tricks {rN+ Int+2}
  9206 | D:8      | Found a radiant altar of Vehumet.
  9207 | D:8      | Found a sacrificial altar of Ru.
  9268 | D:8      | Noticed a two-headed ogre
  9280 | D:8      | Killed a two-headed ogre
  9884 | D:9      | Noticed a two-headed ogre
 10073 | D:9      | Reached XP level 11. HP: 75/94 MP: 11/11
 10082 | D:9      | Noticed Erolcha
 10205 | D:9      | Killed Erolcha
 10297 | D:9      | Noticed Jeremiah
 10312 | D:9      | Killed Jeremiah
 10486 | D:9      | Noticed a four-headed hydra
 10501 | D:9      | Killed a ten-headed hydra
 10755 | D:9      | Gained mutation: You occasionally lose the ability to read
                  | scrolls when taking damage. [Ru sacrifice]
 10755 | D:9      | Gained mutation: You sometimes lose the ability to read
                  | scrolls when taking damage. [Ru sacrifice]
 10755 | D:9      | Reached ***** piety under Ru
 11347 | D:9      | Found a staircase to the Orcish Mines.
 11347 | D:9      | Noticed a deep elf pyromancer
 11357 | D:9      | Killed a deep elf pyromancer
 11626 | D:9      | Found a white marble altar of Elyvilon.
 11754 | D:10     | Entered Level 10 of the Dungeon
 11895 | D:10     | Reached skill level 15 in Fighting
 12480 | D:10     | Gained mutation: You cannot voluntarily change form. [Ru
                  | sacrifice]
 12970 | D:11     | Noticed a boulder beetle
 12997 | D:11     | Killed a boulder beetle
 12998 | D:11     | Reached skill level 15 in Axes
 13505 | D:11     | Found a staircase to the Lair.
 13518 | D:11     | Reached XP level 12. HP: 86/109 MP: 12/12
 13612 | Lair:1   | Entered Level 1 of the Lair of Beasts
 13649 | Lair:1   | Identified the +1 robe "Ohodgh" {Regen+ rCorr}
 13820 | Lair:1   | Noticed Gastronok
 13853 | Lair:1   | Killed Gastronok
 14327 | Lair:1   | Noticed a death yak
 14328 | Lair:1   | Noticed a death yak
 14347 | Lair:1   | Killed a death yak
 14351 | Lair:1   | Gained mutation: Your magical capacity is low. (-10% MP)
                  | [Ru sacrifice]
 14351 | Lair:1   | Reached ****** piety under Ru
 14360 | Lair:1   | Killed a death yak
 15134 | Lair:1   | Noticed Joseph
 15149 | Lair:1   | Killed Joseph
 15824 | Lair:2   | Found a hole to the Spider Nest.
 15941 | Lair:2   | Noticed a five-headed hydra
 15969 | Lair:2   | Killed a ten-headed hydra
 15970 | Lair:2   | Reached XP level 13. HP: 51/121 MP: 11/11
 16277 | Lair:2   | Found a staircase to the Shoals.
 16587 | Lair:2   | Reached skill level 10 in Armour
 16679 | Lair:2   | Noticed Maggie
 16697 | Lair:2   | Killed Maggie
 17476 | Lair:3   | Identified the +1 robe of Tempters {rF+ Str+3 Int+2
                  | Archmagi}
 17627 | Lair:3   | Noticed Snorg
 17635 | Lair:3   | Killed Snorg
 17961 | Lair:4   | Noticed CrazyBamboolord's ghost (journeyman MiFi)
 17962 | Lair:4   | Found a runed translucent gate.
 17962 | Lair:4   | Found a runed translucent gate.
 17962 | Lair:4   | Found a runed translucent gate.
 17967 | Lair:4   | Identified the +0 scale mail "Mesch" {Harm Dex+4}
 18049 | Lair:4   | Found a dark tunnel.
 18058 | Volcano  | Entered a volcano
 18482 | Volcano  | Found a radiant altar of Vehumet.
 18557 | Volcano  | Identified the +9 fire dragon scales "Pishraoxku" {Harm
                  | +Inv rF++ rC- SInv Stlth-}
 19073 | Lair:4   | Reached XP level 14. HP: 113/133 MP: 12/12
 19523 | Lair:5   | Entered Level 5 of the Lair of Beasts
 20339 | Lair:5   | Found a staircase to the Slime Pits.
 21012 | Orc:1    | Entered Level 1 of the Orcish Mines
 21291 | Orc:1    | Noticed an orc warlord
 21533 | Orc:1    | Killed an orc warlord
 21997 | Orc:2    | Entered Level 2 of the Orcish Mines
 21997 | Orc:2    | Noticed an orc warlord
 22004 | Orc:2    | Found a staircase to the Elven Halls.
 22006 | Orc:2    | Killed an orc warlord
 22019 | Orc:2    | Noticed an orc warlord
 22302 | Orc:2    | Killed an orc warlord
 22409 | Orc:2    | Found Evvuoclu's Antique Armour Shoppe.
 22491 | Orc:2    | Bought a pair of embroidered boots for 217 gold pieces
 22547 | Orc:2    | Reached XP level 15. HP: 141/141 MP: 13/13
 22592 | Orc:2    | Gained mutation: You occasionally shout uncontrollably at
                  | your foes. [a neqoxec]
 22607 | Orc:2    | Found Kaeragh's Book Boutique.
 22770 | Orc:2    | Found a radiant altar of Vehumet.
 22780 | Orc:2    | Found Funam's Antique Armour Shop.
 22813 | Orc:2    | Found an ancient bone altar of Kikubaaqudgha.
 22837 | Orc:2    | Found Tac Aqinn's Antique Armour Shop.
 22920 | Orc:2    | Found Yciysse's Distillery.
 22928 | Orc:2    | Bought a potion of curing for 39 gold pieces
 22928 | Orc:2    | Bought a potion of heal wounds for 65 gold pieces
 22928 | Orc:2    | Bought a potion of might for 52 gold pieces
 22928 | Orc:2    | Bought a potion of might for 52 gold pieces
 22928 | Orc:2    | Bought a potion of curing for 39 gold pieces
 23457 | Lair:4   | Killed CrazyBamboolord's ghost
 24161 | D:12     | Noticed Nergalle
 24168 | D:12     | Killed Nergalle
 25303 | D:13     | Found Wygayli's Antique Armour Shop.
 25308 | D:13     | Bought a pair of embroidered gloves for 232 gold pieces
 25428 | D:14     | Noticed Rupert
 25440 | D:13     | Killed Rupert
 25441 | D:13     | Reached skill level 15 in Armour
 25890 | D:14     | Noticed Josephine
 25896 | D:14     | Killed Josephine
 25998 | D:14     | Noticed Louise
 26023 | D:14     | Killed Louise
 26185 | D:14     | Noticed Lodul
 26191 | D:14     | Killed Lodul
 26231 | D:14     | Noticed Kirke
 26238 | D:14     | Noticed a sphinx
 26258 | D:14     | Killed Kirke
 26548 | D:14     | Found a gate to the Vaults.
 26560 | D:15     | Entered Level 15 of the Dungeon
 26797 | D:15     | Reached XP level 16. HP: 131/155 MP: 14/14
 27027 | D:15     | Found a staircase to the Depths.
 27851 | Spider:1 | Entered Level 1 of the Spider Nest
 27973 | Spider:1 | Reached XP level 17. HP: 139/163 MP: 15/15
 27974 | Spider:1 | Acquired 774 gold pieces
 29006 | Spider:2 | Noticed Nikola
 30141 | Spider:2 | Killed Nikola
 30305 | Spider:2 | Noticed Roxanne
 31367 | Spider:3 | Reached XP level 18. HP: 168/172 MP: 16/16
 32124 | Spider:3 | Found a runed translucent door.
 32140 | Spider:3 | Reached skill level 10 in Shields
 32242 | Spider:3 | Noticed Ihilaj's ghost (adept MfSu)
 32600 | Spider:4 | Entered Level 4 of the Spider Nest
 33066 | Spider:4 | Noticed Donald
 33105 | Spider:4 | Killed Donald
 34107 | Spider:4 | Got a gossamer rune of Zot
 34497 | Shoals:1 | Entered Level 1 of the Shoals
 34497 | Shoals:1 | Found Iwilemourod's General Store.
 34499 | Shoals:1 | Bought a potion of heal wounds for 100 gold pieces
 34693 | Shoals:1 | Found Okuah's Jewellery Boutique.
 34948 | Shoals:1 | Found Yrihut's Book Boutique.
 35054 | Shoals:1 | Found Eser's Armour Boutique.
 35373 | Shoals:2 | Identified the +2 chain mail of the Turtledove {Will- Int+2
                  | Stlth+}
 35375 | Shoals:2 | Noticed Polyphemus
 35381 | Shoals:2 | Reached XP level 19. HP: 174/184 MP: 17/17
 35398 | Shoals:2 | Killed Polyphemus
 35850 | Shoals:1 | Bought the ring "Wushumm" {AC+4 Slay+3} for 667 gold pieces
 36000 | Shoals:3 | Found Qifomiol's Assorted Antiques.
 36538 | Shoals:4 | Entered Level 4 of the Shoals
 36977 | Shoals:4 | Found Waywep's Distillery.
 36993 | Shoals:4 | Bought a potion of mutation for 160 gold pieces
 36993 | Shoals:4 | Bought a potion of heal wounds for 100 gold pieces
 36993 | Shoals:4 | Bought a potion of invisibility for 160 gold pieces
 37160 | Shoals:4 | Got a barnacled rune of Zot
 37676 | Shoals:4 | Reached skill level 27 in Fighting
 37997 | Vaults:1 | Entered Level 1 of the Vaults
 38426 | Vaults:1 | Reached skill level 1 in Evocations
 38635 | Vaults:1 | Noticed Asterion
 38643 | Vaults:1 | Killed Asterion
 39167 | Vaults:1 | Reached XP level 20. HP: 122/194 MP: 18/18
 39694 | Vaults:2 | Reached skill level 5 in Evocations
 39828 | Vaults:2 | Identified the ring of Xom's Fair Game {Wiz rPois Slay+6}
 39868 | Vaults:2 | Identified the serpent talisman of Ublocu Jajo {rElec MP+9
                  | Str+2}
 39868 | Vaults:2 | Noticed Aizul
 39883 | Vaults:2 | Killed Aizul
 40235 | Shoals:3 | Bought a potion of heal wounds for 160 gold pieces
 40235 | Shoals:3 | Bought a potion of heal wounds for 160 gold pieces
 40760 | Vaults:2 | Identified the orb of the Centaur {light, Harm Int+5 Dex-4}
 40760 | Vaults:2 | Noticed Frederick
 40798 | Vaults:2 | Killed Frederick
 41581 | Vaults:3 | Reached skill level 15 in Shields
 42239 | Vaults:3 | Found a staircase to the Crypt.
 42497 | Vaults:3 | Found a transporter.
 42497 | Vaults:3 | Noticed Skimidon's ghost (adept DgHu)
 42547 | Vaults:3 | Found a transporter.
 42558 | Vaults:3 | You fall into a shaft and drop 1 floor!
 42685 | Vaults:4 | Found Kijisoos's Armour Shoppe.
 43681 | Vaults:4 | Reached XP level 21. HP: 201/201 MP: 18/18
 44023 | Vaults:4 | Paralysed by a formless jellyfish for 1 turns
 44092 | Vaults:4 | Paralysed by a formless jellyfish for 1 turns
 44671 | Elf:1    | Entered Level 1 of the Elven Halls
 44740 | Elf:1    | Paralysed by an air elemental for 1 turns
 45501 | Elf:1    | Reached skill level 10 in Evocations
 45528 | Elf:2    | Paralysed by an air elemental for 1 turns
 45681 | Elf:2    | Found a runed translucent gate.
 45681 | Elf:2    | Found a runed translucent gate.
 45681 | Elf:2    | Found a runed translucent gate.
 45701 | Elf:2    | Found a runed translucent gate.
 45701 | Elf:2    | Found a runed translucent gate.
 45701 | Elf:2    | Found a runed translucent gate.
 45701 | Elf:2    | Noticed Luqutot's ghost (adept MiFi)
 46062 | Elf:2    | Killed Luqutot's ghost
 46073 | Elf:2    | Identified the ring of Wutsiq {Fly Dex+2}
 46076 | Elf:2    | Identified the amulet "Pyomn" {^Contam *Slow Regen+ Dex+7}
 47289 | Depths:1 | Entered Level 1 of the Depths
 47488 | Depths:1 | Found the +3 pair of seven-league boots {Rampage+∞}
 48421 | Depths:1 | Found a gateway to Hell.
 48556 | Depths:1 | Found a sacrificial altar of Ru.
 48557 | Depths:1 | Found an iron altar of Okawaru.
 48557 | Depths:1 | Found a shimmering altar of Xom.
 48560 | Depths:1 | Found a shimmering altar of Xom.
 48560 | Depths:1 | Found a sacrificial altar of Ru.
 48560 | Depths:1 | Found a bloodstained altar of Trog.
 48583 | Depths:2 | Found a one-way gate leading to the halls of Pandemonium.
 48682 | Depths:2 | Reached XP level 22. HP: 209/209 MP: 19/19
 49223 | Depths:2 | Found a one-way gateway to a ziggurat.
 49224 | Depths:2 | You fall into a shaft and drop 1 floor!
 49248 | Depths:3 | Noticed a golden dragon
 49257 | Depths:3 | Killed a golden dragon
 49258 | Depths:3 | Noticed a caustic shrike
 49527 | Depths:3 | Killed a caustic shrike
 49750 | Depths:3 | Found a one-way gate to the infinite horrors of the Abyss.
 50504 | Depths:2 | Identified the +9 morningstar "Wughanwy" {heavy, MP+9}
 51289 | Depths:3 | Found a runed translucent door.
 51289 | Depths:3 | Noticed Xaosyiw's ghost (adept DECj)
 51304 | Depths:4 | Entered Level 4 of the Depths
 51467 | Depths:4 | Noticed a juggernaut
 51472 | Depths:4 | Killed a juggernaut
 51595 | Depths:4 | Found a gate to the Realm of Zot.
 51753 | Depths:4 | Found a broken altar of Ashenzari.
 51753 | Depths:4 | Found a burning altar of Makhleb.
 51754 | Depths:4 | Found a burning altar of Makhleb.
 52352 | Depths:4 | Noticed a golden dragon
 52363 | Depths:4 | Killed a golden dragon
 52437 | Depths:4 | Noticed a juggernaut
 52442 | Depths:4 | Killed a juggernaut
 52454 | Depths:4 | Reached XP level 23. HP: 127/216 MP: 20/20
 53949 | Depths:4 | Identified the ring "Sakk" {+Blink Fly rPois Str-4 SInv}
 54319 | Crypt:1  | Entered Level 1 of the Crypt
 54486 | Crypt:1  | Found a magical portal.
 54593 | Crypt:1  | Noticed Zenata
 54688 | WizLab   | Entered Doroklohe's Tomb
 54945 | WizLab   | Gained mutation: Your magical capacity is very low. (-20%
                  | MP) [a cacodemon]
 55229 | Crypt:1  | Killed Zenata
 55327 | Crypt:1  | Found a runed translucent door.
 55329 | Crypt:1  | Noticed Hioqanar's ghost (legendary GrBe)
 55542 | Crypt:1  | You fall into a shaft and drop 1 floor!
 56262 | Crypt:2  | Found a runed translucent gate.
 56262 | Crypt:2  | Found a runed translucent gate.
 56262 | Crypt:2  | Found an opulent altar of Gozag.
 56262 | Crypt:2  | Found a runed translucent gate.
 56263 | Crypt:2  | Noticed Udae's ghost (legendary GrBe)
 56264 | Crypt:2  | Found Ocunaytu's Assorted Antiques.
 56563 | Crypt:2  | Found an ancient bone altar of Kikubaaqudgha.
 56676 | Crypt:2  | Found Byzatix's Assorted Antiques.
 56698 | Crypt:3  | Entered Level 3 of the Crypt
 56962 | Crypt:3  | Noticed an ancient lich
 56965 | Crypt:3  | Found an ancient bone altar of Kikubaaqudgha.
 56971 | Crypt:3  | Killed an ancient lich
 57022 | Crypt:3  | Identified the +0 pair of boots of the Swamp {Str+3 Int+3}
 57205 | Crypt:3  | Got Gloorx Vloq's Book of Unholy Ceremonies
 57479 | Crypt:3  | Found a staircase to the Tomb.
 57489 | Crypt:3  | Identified the +6 whip of Greed {freeze, rC+ Str-5 Int+4}
 57490 | Crypt:3  | Identified the staff of Jiemasut {+Blink rN+ Dex+2 Necro
                  | Air}
 58053 | Slime:1  | Entered Level 1 of the Pits of Slime
 58127 | Slime:1  | Reached XP level 24. HP: 221/224 MP: 18/18
 58575 | Slime:2  | Reached skill level 27 in Armour
 58753 | Slime:3  | Gained mutation: You are dopey. (Int -2) [a shining eye]
 58754 | Slime:3  | Gained mutation: You expend magic power (3 MP) to
                  | strengthen your wands. [a shining eye]
 58757 | Slime:2  | Gained mutation: You are vulnerable to heat. (rF-) [a
                  | shining eye]
 58760 | Slime:2  | Lost mutation: You occasionally shout uncontrollably at
                  | your foes. [potion of mutation]
 58760 | Slime:2  | Lost mutation: You expend magic power (3 MP) to strengthen
                  | your wands. [potion of mutation]
 58760 | Slime:2  | Gained mutation: You are agile. (Dex +4, Str/Int -1)
                  | [potion of mutation]
 59002 | Slime:3  | Gained mutation: Your spells are a little easier to cast,
                  | but a little less powerful. [a shining eye]
 59342 | Slime:4  | Gained mutation: You are weak. (Str -2) [a shining eye]
 59356 | Slime:5  | Entered Level 5 of the Pits of Slime
 59784 | Slime:5  | Lost mutation: You are agile. (Dex +4, Str/Int -1) [a
                  | shining eye]
 59785 | Slime:5  | Gained mutation: You sometimes lose your temper in combat.
                  | [a shining eye]
 59794 | Slime:5  | Lost mutation: You are vulnerable to heat. (rF-) [potion of
                  | mutation]
 59794 | Slime:5  | Lost mutation: Your spells are a little easier to cast, but
                  | a little less powerful. [potion of mutation]
 59795 | Slime:5  | Lost mutation: Your magical capacity is very low. (-20% MP)
                  | [potion of mutation]
 59795 | Slime:5  | Lost mutation: You sometimes lose your temper in combat.
                  | [potion of mutation]
 59795 | Slime:5  | Lost mutation: You are dopey. (Int -2) [potion of mutation]
 59795 | Slime:5  | Gained mutation: You have large cloven feet. [potion of
                  | mutation]
 59795 | Slime:5  | Gained mutation: You are resistant to electric shocks.
                  | (rElec) [potion of mutation]
 59795 | Slime:5  | Gained mutation: You expend magic power (3 MP) to
                  | strengthen your wands. [potion of mutation]
 59812 | Slime:5  | Gained mutation: Your magical capacity is very low. (-20%
                  | MP) [a shining eye]
 59952 | Slime:5  | Noticed the Royal Jelly
 60065 | Slime:5  | Killed the Royal Jelly
 60534 | Slime:5  | Identified the +2 spear of Suucurphu {flame, *Noise rC+ rN+
                  | Str+4}
 60545 | Slime:5  | Identified the +4 dagger "Garana" {vamp, rF+ Str+2 SInv}
 60558 | Slime:5  | Identified the +0 ring mail "Ruwkicro" {Fly rF+ Dex+3}
 60560 | Slime:5  | Got a slimy rune of Zot
 60564 | Slime:5  | Got the Vellum of Shocking Rubedo
 60569 | Slime:5  | Identified the ring of Unwer {rN+ Int+5}
 60574 | Slime:5  | Identified the +11 chain mail "Odauprav" {rElec rN+ Int+2}
 61045 | D:8      | Bought a potion of mutation for 88 gold pieces
 61045 | D:8      | Bought a potion of curing for 33 gold pieces
 61346 | Zot:1    | Entered Level 1 of the Realm of Zot
 63054 | Zot:2    | Reached XP level 25. HP: 200/231 MP: 18/18
 64176 | Zot:2    | Noticed a Killer Klown
 64200 | Zot:2    | Killed a Killer Klown
 65079 | Zot:3    | Reached skill level 27 in Shields
 65504 | Zot:3    | Identified the +10 great sword of Massacring {venom, rElec
                  | Int+2 Dex+3}
 68455 | Zot:5    | Entered Level 5 of the Realm of Zot
 68471 | Zot:5    | Reached XP level 26. HP: 237/238 MP: 18/18
 68554 | Zot:5    | Found a large runed translucent door.
 68554 | Zot:5    | Found a large runed translucent door.
 68557 | Zot:5    | Noticed Fiolioss's ghost (master OnFi)
 69055 | Zot:5    | Noticed an orb of fire
 69057 | Zot:5    | Noticed an ancient lich
 69059 | Zot:5    | Noticed an orb of fire
 69061 | Zot:5    | Noticed an ancient lich
 69066 | Zot:5    | Noticed an orb of fire
 69067 | Zot:5    | Killed an orb of fire
 69071 | Zot:5    | Gained mutation: You have hidden genetic defects. [an orb
                  | of fire]
 69072 | Zot:5    | Noticed an ancient lich
 69073 | Zot:5    | Killed an orb of fire
 69075 | Zot:5    | Killed an ancient lich
 69075 | Zot:5    | Noticed an orb of fire
 69085 | Zot:5    | Noticed an ancient lich
 69091 | Zot:5    | Killed an orb of fire
 69092 | Zot:5    | Reached skill level 15 in Evocations
 69092 | Zot:5    | Noticed an ancient lich
 69094 | Zot:5    | Noticed an ancient lich
 69095 | Zot:5    | Gained mutation: Armour fits poorly on your strangely
                  | shaped body. [an orb of fire]
 69096 | Zot:5    | Killed an orb of fire
 69099 | Zot:5    | Killed an ancient lich
 69100 | Zot:5    | Killed an ancient lich
 69102 | Zot:5    | Killed an ancient lich
 69113 | Zot:5    | Noticed an ancient lich
 69116 | Zot:5    | Killed an ancient lich
 69126 | Zot:5    | Killed an ancient lich
 69141 | Zot:5    | Gained mutation: Your body sometimes deteriorates upon
                  | taking damage. [hidden defects]
 69143 | Zot:5    | Killed an ancient lich
 69807 | Zot:5    | Gained mutation: You sometimes lose your temper in combat.
                  | [hidden defects]
 69807 | Zot:5    | Lost mutation: You have hidden genetic defects. [hidden
                  | defects expressed]
 69826 | Zot:5    | Lost mutation: You have large cloven feet. [potion of
                  | mutation]
 69826 | Zot:5    | Lost mutation: Armour fits poorly on your strangely shaped
                  | body. [potion of mutation]
 69826 | Zot:5    | Lost mutation: You are weak. (Str -2) [potion of mutation]
 69826 | Zot:5    | Gained mutation: Your spells are a little harder to cast,
                  | but a little more powerful. [potion of mutation]
 69826 | Zot:5    | Gained mutation: You are clumsy. (Dex -2) [potion of
                  | mutation]
 69827 | Zot:5    | Lost mutation: Your magical capacity is very low. (-20% MP)
                  | [potion of mutation]
 69827 | Zot:5    | Lost mutation: You expend magic power (3 MP) to strengthen
                  | your wands. [potion of mutation]
 69827 | Zot:5    | Gained mutation: You are partially covered in iridescent
                  | scales. (AC +2) [potion of mutation]
 69828 | Zot:5    | Lost mutation: Your spells are a little harder to cast, but
                  | a little more powerful. [potion of mutation]
 69828 | Zot:5    | Lost mutation: You sometimes lose your temper in combat.
                  | [potion of mutation]
 69828 | Zot:5    | Gained mutation: Your system is resistant to poisons.
                  | (rPois) [potion of mutation]
 69828 | Zot:5    | Lost mutation: Your system is resistant to poisons. (rPois)
                  | [potion of mutation]
 70206 | Zot:5    | Got the Orb of Zot
 70552 | Depths:2 | Noticed Wauruzirr the pandemonium lord
 70805 | D:7      | Reached skill level 27 in Axes
 70994 | D:$      | Escaped with the Orb!

Illustrated notes

Levels and vault maps discovered:
D:1:      wheals_arrival_linesprint, layout_basic, minmay_worlds_worst_comb
D:2:      layout_basic, nicolae_ecumenical_snake_handling
D:3:      layout_loops_corners, mainiacjoe_overflow_boulevard, uniq_sigmund,
          uniq_terence, uniq_jessica
D:4:      layout_gridville, kennysheep_okawaru_gauntlet,
          grunt_temple_overflow_open, serial_glass, glass_columns_b,
          glass_columns_a, glass_columns_b, uniq_robin
D:5:      layout_cave_pods, minmay_temple_entry_drinking_statues,
          serial_demonic, serial_demonic_c, serial_demonic_d, serial_demonic_a,
          serial_demonic_e, uniq_edmund
D:6:      hangedman_cross_stitches, layout_basic, kennysheep_mini_moat
D:7:      minmay_inner_zag, layout_basic, nicolae_qazlal_beasts_of_the_sky,
          uniq_crazy_yiuf_cottage
D:8:      layout_loops_ring, minitemple, enter_bailey_2, serial_shops, shop
D:9:      layout_irregular_city, general_overflow_altar, marbit_many_paths,
          zombieorc2_lemuel, minmay_bent, uniq_erolcha, uniq_jeremiah
D:10:     layout_stronghold, serial_ice, serial_ice_a, serial_ice_b,
          serial_ice_d, serial_ice_m
D:11:     layout_long_grid, david_lair_shrubbed
D:12:     layout_roguey, eino_house_with_fridge, uniq_nergalle
D:13:     layout_long_grid, serial_shops, nicolae_shop_rolling_square
D:14:     layout_irregular_city, erik_vaults_1, serial_park_avenue1,
          statue_in_the_mist_lemuel, uniq_rupert, uniq_louise, uniq_josephine,
          uniq_lodul, uniq_kirke
D:15:     grunt_enter_depths_magical_seal, layout_irregular_city
Temple:   grunt_temple_mini_profane
Lair:1:   layout_cave_pods, grunt_megastairs_5, uniq_joseph, uniq_gastronok
Lair:2:   hellmonk_ruined_rings, layout_layer_cave, elwin_shoals_entry_stream,
          spider_nest_entry_web_field, serial_bayou_shore_a, uniq_maggie
Lair:3:   layout_cave_shapes, lemuel_fruit_fields, uniq_snorg
Lair:4:   layout_roguey, gammafunk_ghost_split, nicolae_volcano_entry_batcave
Lair:5:   evilmike_catoblepas_cave, layout_long_grid,
          nicolae_slime_entry_field_trip
Shoals:1: layout_shoals, serial_shops, shop, nicolae_shop_pleasant_corner_grove,
          shop, shop
Shoals:2: layout_shoals, uniq_polyphemus
Shoals:3: layout_shoals, serial_shops, shop
Shoals:4: shoals_end_grunt_ice, layout_shoals, serial_shops, shop
Spider:1: layout_spider_delve, nicolae_spider_moth_buddies
Spider:2: layout_cave_pods, guppyfry_spider_mini_1, uniq_roxanne, uniq_nikola
Spider:3: layout_cave_pods, ebering_ghost_reflecting_pool,
          nicolae_spider_orb_run
Spider:4: floodkiller_spider_rune_tomb, hellmonk_test_site, uniq_donald
Slime:1:  layout_caves
Slime:2:  nicolae_slime_pool, layout_caves, basic_altar
Slime:3:  layout_caves
Slime:4:  layout_caves, cheibrodos_slime_lost_civilization_4
Slime:5:  slime_pit_nicolae_royal_road_to_ruin
Orc:1:    layout_caves, special_room [special_room_orc],
          nicolae_orc_stalacmites, mines2_lemuel
Orc:2:    kennysheep_orc_mage_school, layout_caves, serial_shops, shop,
          nicolae_orc_rockfall
Elf:1:    minmay_elf_arrival_plus, layout_loops_cross, guppyfry_library_mini
Elf:2:    nicolae_elf_blades_crystal_corner, layout_gridlike,
          gammafunk_ghost_split
Vaults:1: hangedman_vaults_locks, ontoclasm_vaults_ring_small,
          vaults_mumra_minichess, nicolae_vaults_closet_pinwheel_6,
          ontoclasm_vaults_chip, nicolae_vaults_network_s, dpeg_vaults_waves,
          nicolae_vaults_tetromino_T_2, v_alt_pattern_2, layout_vaults_omnigrid,
          uniq_asterion
Vaults:2: v_misc_23, v_misc_18, v_misc_2, vaults_room_stairs_pillars, v_misc_4,
          gargoyle_guard, nicolae_vaults_trapezoid_layered,
          ontoclasm_vaults_decontamination, ontoclasm_vaults_shuriken,
          nicolae_vaults_house_1, vaults_room_grid, v_pattern_3,
          layout_vaults_omnicross, uniq_aizul, uniq_frederick, uniq_margery
Vaults:3: gammafunk_ghost_mausoleum, nicolae_vaults_big_angled_halls, v_misc_14,
          grunt_vaults_swirl, minmay_crypt_entry_simple_walls,
          vaults_room_boxed, vaults_dpeg_ring, grunt_vaults_twisty,
          vaults_room_pools, nicolae_vaults_closet_pinwheel_1,
          nicolae_vaults_yaktaur_gun_rack, nicolae_vaults_mini_display_case,
          nicolae_vaults_specimen_jars, nicolae_vaults_tetromino_L_1,
          layout_vaults_ring, serial_shops, bzr_entry_customers
Vaults:4: nicolae_vaults_shrinking_rooms_1, nicolae_vaults_three_branches,
          nicolae_vaults_twisting_passages, nicolae_vaults_ninety_degrees,
          v_pattern_4, ontoclasm_vaults_pinch, nicolae_vaults_double_plus_1,
          v_misc_28, layout_vaults_omnibox, serial_shops, shop
Crypt:1:  layout_regular_city, mu_enter_wizlab_1,
          hellmonk_ghost_happy_afterlife, roderic_lattice_octagonal_star,
          uniq_zenata
Crypt:2:  layout_misc_corridors, ebering_ghost_gozag,
          lemuel_mausoleum_altar_kikubaaqudgha
Crypt:3:  cryptofortress_bobbens
Depths:1: layout_gridlike, doesnt_xom_only_xom, pf_hell_entry_tar_spiral,
          hellmonk_guarded_unrand_seven_league_boots
Depths:2: dreamdust_tengu_aerie, layout_gridville, ziggurat_fallback,
          serial_sigils_hangedman_gnaw, pan_entry, grunt_mini_vestibule,
          kennysheep_minor_cross, minmay_statues_item,
          onia_ninara_dug_in_and_dangerous
Depths:3: minmay_cut_squares, layout_cave_pools, abyss_entry,
          gammafunk_ghost_grave, hell_entry, nicolae_hepliaklqana_hazy_memory,
          kennysheep_crisscross, nicolae_tricolors
Depths:4: hangedman_slaughterboxes, hell_entry
Zot:1:    layout_onion_interference, grunt_megastairs_4
Zot:2:    layout_cathedral_of_symmetry, grunt_megastairs_3
Zot:3:    layout_misc_corridors
Zot:4:    grunt_deathspiral_small, layout_cathedral_of_symmetry
Zot:5:    layout_gridlike, ebering_ghost_disaster_area

Skill      XL: |  1  2  3  4  5  6  7  8  9 10 11 12 13 14 15 16 17 18 19 20 21 22 23 24 25 26 |
---------------+-------------------------------------------------------------------------------+-----
Axes           | 3 4 5 6 7 9 11 12 13 15 16 18 19 20 21 22 24 27 | 27.0
Fighting       | 4 5 6 8 10 12 15 18 20 21 23 24 26 27 | 27.0
Armour         | 4 6 8 9 11 13 16 17 18 20 21 22 23 25 26 27 | 27.0
Shields        | 4 6 7 8 9 11 14 15 17 19 22 25 27 | 27.0
Evocations     | 4 9 11 12 14 16 | 16.6

Action                     |  1- 3 |  4- 6 |  7- 9 | 10-12 | 13-15 | 16-18 | 19-21 | 22-24 | 25-27 || total
---------------------------+-------+-------+-------+-------+-------+-------+-------+-------+-------++-------
  Melee: War axe           |   108 |    23 |       |       |       |       |       |       |       ||   131
         Broad axe         |       |   165 |   294 |   775 |   866 |  1243 |  1378 |  1265 |   674 ||  6660
  Throw: Boomerang         |       |       |       |    15 |       |       |       |       |       ||    15
 Invoke: Sacrifice Nimblen |       |     1 |       |       |       |       |       |       |       ||     1
         Sacrifice Love    |       |     1 |       |       |       |       |       |       |       ||     1
         Draw Out Power    |       |       |     1 |     1 |       |       |     2 |       |     2 ||     6
         Sacrifice Health  |       |       |     1 |       |       |       |       |       |       ||     1
         Power Leap        |       |       |       |     2 |       |     1 |       |       |       ||     3
         Sacrifice Words   |       |       |       |     1 |       |       |       |       |       ||     1
         Sacrifice Forms   |       |       |       |     1 |       |       |       |       |       ||     1
         Sacrifice Essence |       |       |       |     1 |       |       |       |       |       ||     1
         Apocalypse        |       |       |       |       |     1 |     4 |     2 |     5 |     1 ||    13
  Evoke: Wand              |       |       |       |    33 |     4 |       |       |     1 |     7 ||    45
         Lightning rod     |       |       |       |       |       |       |       |     4 |     4 ||     8
         Condenser vane    |       |       |       |       |       |       |       |     1 |       ||     1
    Use: Scroll            |       |     2 |     8 |    11 |     9 |     2 |     9 |    17 |     8 ||    66
         Potion            |       |     1 |     1 |     2 |     2 |     6 |     6 |     5 |    22 ||    45
   Stab: Invisible         |       |       |     2 |     2 |     6 |    19 |    10 |     3 |     5 ||    47
         Paralysed         |       |       |       |     4 |     9 |     3 |    12 |     8 |     1 ||    37
         Distracted        |       |       |       |     3 |     5 |     4 |     3 |    12 |     1 ||    28
         Petrified         |       |       |       |       |       |       |     6 |       |       ||     6
 Armour: Scale mail        |   111 |   215 |   262 |       |       |       |       |       |       ||   588
         Chain mail        |       |       |    53 |   136 |       |       |       |       |       ||   189
         Plate armour      |       |       |       |   756 |   825 |  1185 |  1002 |   518 |       ||  4286
         Gold dragon scale |       |       |       |       |       |       |       |   524 |   585 ||  1109
  Dodge: Dodged            |    55 |   128 |   161 |   316 |   220 |   288 |   253 |   215 |   116 ||  1752
  Block: Buckler           |    21 |    45 |    72 |   189 |   207 |       |       |       |       ||   534
         Tower shield      |       |       |       |       |    26 |   696 |   638 |  1198 |   700 ||  3258
         Kite shield       |       |       |       |       |       |   261 |   424 |       |       ||   685
         Reflection        |       |       |       |       |       |     3 |   118 |     4 |       ||   125

Table legend: (Time is in decaauts)
 A = Elapsed time spent in this place.
 B = Non-inter-level travel time spent in this place.
 C = Inter-level travel time spent in this place.
 D = Time resting spent in this place.
 E = Time spent auto-exploring this place.
 F = Levels seen in this place.
 G = Mean time per level.
                   A        B        C        D        E       F      G
               +--------+--------+--------+--------+--------+-----+--------+
         Total |  71714 |  63296 |   8418 |      7 |  50528 |  57 | 1258.1 |
       Dungeon |  18619 |  15475 |   3144 |      7 |  12788 |  15 | 1241.3 |
        Temple |      9 |      2 |      7 |      0 |      0 |   1 |    9.0 |
          Lair |   7599 |   6389 |   1210 |      0 |   5371 |   5 | 1519.8 |
        Shoals |   3763 |   3151 |    612 |      0 |   2289 |   4 |  940.8 |
   Spider Nest |   6252 |   5923 |    329 |      0 |   4414 |   4 | 1563.0 |
    Slime Pits |   2659 |   2298 |    361 |      0 |   1616 |   5 |  531.8 |
  Orcish Mines |   2226 |   1966 |    260 |      0 |   1553 |   2 | 1113.0 |
   Elven Halls |   2433 |   2274 |    159 |      0 |   1845 |   2 | 1216.5 |
        Vaults |   6355 |   5637 |    718 |      0 |   4572 |   4 | 1588.8 |
         Crypt |   3177 |   3021 |    156 |      0 |   2277 |   3 | 1059.0 |
        Depths |   6769 |   6062 |    707 |      0 |   4904 |   4 | 1692.2 |
           Zot |   9128 |   8376 |    752 |      0 |   6891 |   5 | 1825.6 |
        Bailey |   1681 |   1681 |      0 |      0 |   1145 |   1 | 1681.0 |
       Volcano |    767 |    767 |      0 |      0 |    613 |   1 |  767.0 |
        Wizlab |    272 |    272 |      0 |      0 |    247 |   1 |  272.0 |
               +--------+--------+--------+--------+--------+-----+--------+

Top non-repeatable levels by time:
   Zot:4: 2834 daAuts
Depths:4: 2482 daAuts
  Lair:1: 2384 daAuts
   Zot:1: 2245 daAuts
  Lair:2: 2134 daAuts
Vaults:1: 2030 daAuts
     D:9: 1930 daAuts
   Zot:2: 1848 daAuts
Spider:3: 1790 daAuts
Vaults:3: 1717 daAuts
  Bailey: 1681 daAuts
Depths:2: 1628 daAuts
   Elf:2: 1573 daAuts
Spider:4: 1518 daAuts
     D:8: 1509 daAuts
